 Dungeon Crawl Stone Soup version 0.17.0 (webtiles) character file.

70 Eucla the Twirler (level 4, -5/34 HPs)
             Began as a Demonspawn Gladiator on Nov 10, 2015.
             Was a Follower of Sif Muna.
             Killed from afar by Ijyb (10 damage)
             ... with a wand of frost
             ... on level 2 of the Dungeon.
             The game lasted 00:02:08 (1895 turns).

Eucla the Twirler (Demonspawn Gladiator)            Turns: 1895, Time: 00:02:08

Health: -5/34      AC:  6    Str: 15    XL:     4   Next: 4%
Magic:  4/4        EV: 13    Int: 10    God:    Sif Muna [*.....]
Gold:   98         SH:  0    Dex: 14    Spells: 0 memorised, 3 levels left

rFire  . . .     SeeInvis .     a - +0 quarterstaff
rCold  . . .     Clarity  .     r - +0 ring mail (curse)
rNeg   . . .     SustAt   .     (shield currently unavailable)
rPois  .         Gourm    .     (helmet restricted)
rElec  .         Spirit   .     (no cloak)
rCorr  .         Warding  .     j - +0 pair of gloves
rMut   .         Stasis   .     (no boots)
MR     .....                    (no amulet)
Stlth  +.........               (no ring)
                                (no ring)

@: lethally poisoned (-5 -> -6), not resistant to hostile enchantments, very
unstealthy
A: horns 1, repulsion field 1
a: Channel Energy, Renounce Religion


You were on level 2 of the Dungeon.
You worshipped Sif Muna.
Sif Muna was aware of your devotion.
You were not hungry.

You visited 1 branch of the dungeon, and saw 2 of its levels.

You collected 98 gold pieces.

Inventory:

Hand Weapons
 a - a +0 quarterstaff (weapon)
Missiles
 d - 3 throwing nets (quivered)
Armour
 b - a +0 leather armour
 c - a +0 helmet
 j - a +0 pair of gloves (worn)
 r - a cursed +0 ring mail (worn)
 s - a +4 ring mail
Jewellery
 k - an uncursed ring of wizardry {unknown}
Scrolls
 m - 2 scrolls of teleportation {unknown}
 o - a scroll of identify {unknown}
Potions
 h - 2 potions of haste {unknown}
 l - 3 potions of curing {unknown}
 p - a potion of resistance {unknown}
Comestibles
 e - a bread ration
 f - a fruit
 g - a meat ration
 i - a slice of pizza
 n - a beef jerky
 q - a royal jelly


   Skills:
 + Level 2.6 Fighting
 * Level 4.1 Staves
 - Level 1.7 Throwing
 - Level 2.6 Dodging


You had 3 spell levels left.
You didn't know any spells.

Dungeon Overview and Level Annotations

Branches:
Dungeon (2/15)

Altars:
Sif Muna

Annotations:
D:2 Ijyb


Innate Abilities, Weirdness & Mutations

You have a pair of small horns on your head.
You are surrounded by a mild repulsion field (EV +2).


Message History

You sock the adder!
You kill the adder!
You have reached level 4!
You feel clever.
Your demonic ancestry asserts itself...
You begin to radiate repulsive energy.
You hit Ijyb. You headbutt Ijyb.
Ijyb is lightly wounded.
Ijyb zaps a wand.
The puff of frost hits you!
Unknown command.
You hit Ijyb.
Ijyb is moderately wounded.
You feel sick. Ijyb hits you.
You closely miss Ijyb.
Ijyb is moderately wounded.
Ijyb zaps a wand.
The puff of frost hits you!
* * * LOW HITPOINT WARNING * * *
You hit Ijyb.
Ijyb is moderately wounded.
Ijyb zaps a wand.
The puff of frost hits you!
You die...

###########
#.....@#..
##.####g#.# .##
#.....#.#.##.....
#.....#.(....#
#.....###.####
#.....# #...
#.....########
###.##.......#
#.##.......#


You could see Ijyb.

Vanquished Creatures
  3 adders (D:2)
  An ooze (D:1)
  A giant gecko (D:1)
  6 hobgoblins
  A quokka (D:2)
  6 bats
  A giant cockroach (D:2)
  3 giant newts
  5 goblins
  7 kobolds
  6 rats
40 creatures vanquished.

Notes
Turn   | Place    | Note
--------------------------------------------------------------
     0 | D:1      | Eucla the Demonspawn Gladiator began the quest for the Orb.
     0 | D:1      | Reached XP level 1. HP: 16/16 MP: 1/1
   180 | D:1      | Reached skill level 3 in Staves
   213 | D:1      | Gained mutation: You have a pair of small horns on your head. [demonic ancestry]
   213 | D:1      | Reached XP level 2. HP: 15/22 MP: 2/2
   650 | D:1      | Reached XP level 3. HP: 28/28 MP: 3/3
  1278 | D:2      | Reached skill level 4 in Staves
  1768 | D:2      | Found a faded altar to an unknown god.
  1780 | D:2      | Became a worshipper of Sif Muna the Loreminder
  1780 | D:2      | Reached * piety under Sif Muna
  1876 | D:2      | Noticed Ijyb
  1891 | D:2      | Gained mutation: You are surrounded by a mild repulsion field (EV +2). [demonic ancestry]
  1891 | D:2      | Reached XP level 4. HP: 17/34 MP: 4/4
  1895 | D:2      | Killed from afar by Ijyb

Action                   |  1- 3 |  4- 6 || total
-------------------------+-------+-------++-------
Melee: Quarterstaff      |   120 |     4 ||   124
 Stab: Sleeping          |     1 |       ||     1
  Eat: Chunk             |     3 |       ||     3
